 Dungeon Crawl Stone Soup version 0.21.1-1-g345015f (webtiles) character file.

25053 Lovchig the Cleaver (level 12, -35/123 HPs)
             Began as a Deep Dwarf Fighter on Feb 14, 2018.
             Was a High Priest of Makhleb.
             Annihilated by an enormous slime creature (71 damage)
             ... on level 12 of the Dungeon on Feb 15, 2018.
             The game lasted 00:43:37 (9327 turns).

Lovchig the Cleaver (Deep Dwarf Fighter)            Turns: 9327, Time: 00:43:38

Health: -35/123    AC: 18    Str: 26    XL:     12   Next: 86%
Magic:  0/0        EV: 13    Int:  8    God:    Makhleb [*****.]
Gold:   1118       SH: 16    Dex: 18    Spells: 11/11 levels left

rFire    . . .     SeeInvis +   a - +1 war axe
rCold    . . .     Gourm    .   c - +1 shield
rNeg     . . .     Faith    .   L - +0 chain mail
rPois    +         Spirit   .   l - +0 helmet
rElec    .         Reflect  +   s - scarf {repulsion}
rCorr    .         Harm     .   m - +2 pair of gloves
MR       +....                  r - +0 pair of boots {Stlth+}
Stlth    ..........             J - +2 amulet of reflection
HPRegen  0.00/turn              I - +4 ring of dexterity
MPRegen  0.07/turn              n - ring of see invisible

@: non-regenerating, repel missiles
A: damage resistance, heal wounds, agile 1, sense surroundings 2, poison
resistance, robust 1, no regeneration
a: Heal Wounds, Minor Destruction, Lesser Servant of Makhleb, Major Destruction,
Greater Servant of Makhleb, Renounce Religion


You were on level 12 of the Dungeon.
You worshipped Makhleb.
Makhleb was extremely pleased with you.
You were not hungry.

You visited 2 branches of the dungeon, and saw 13 of its levels.
You also visited: Sewer and Ossuary.

You collected 1118 gold pieces.

Inventory:

Hand Weapons
 a - a +1 war axe (weapon)
 p - a +1 flail of protection
Armour
 c - a +1 shield (worn)
 l - a +0 helmet (worn)
 m - a +2 pair of gloves (worn)
 r - a +0 pair of boots of stealth (worn)
 s - a scarf of repulsion (worn)
 L - a +0 chain mail (worn)
Jewellery
 n - a ring of see invisible (right hand)
 o - the ring "Ofoneimo" {Fire Str+2 Int+4, unknown}
   (You found it on level 12 of the Dungeon)

   [ring of fire]

   It enhances your fire magic.
   It affects your strength (+2).
   It affects your intelligence (+4).
   It protects you from fire.
   It makes you vulnerable to cold.
 B - a +3 ring of intelligence
 I - a +4 ring of dexterity (left hand)
 J - a +2 amulet of reflection (around neck)
Wands
 b - a wand of random effects (48)
 g - a wand of disintegration (13)
 v - a wand of digging (34)
 y - a wand of iceblast (20)
Scrolls
 j - 11 scrolls of enchant armour
 q - 6 scrolls of remove curse
 t - 2 scrolls of identify
 u - a scroll of teleportation
 x - a scroll of fog
 D - a scroll of amnesia
 G - 2 scrolls of fear
 K - a scroll of enchant weapon
 M - 2 scrolls of magic mapping
Potions
 e - a potion of resistance
 i - 4 potions of magic
 k - 2 potions of lignification
 w - a potion of haste
 z - 3 potions of flight
 A - a potion of invisibility
 F - 3 potions of curing
Miscellaneous
 h - 2 boxes of beasts
Comestibles
 d - 2 chunks of flesh
 f - 28 rations


   Skills:
 * Level 8.5 Fighting
 * Level 14.3 Axes
 * Level 10.1 Armour
 * Level 7.8 Dodging
 * Level 11.3 Shields
 + Level 0.3 Invocations


You had 11 spell levels left.
You didn't know any spells.

Dungeon Overview and Level Annotations

Branches:
Dungeon (12/15)            Temple (1/1) D:5            Lair (0/6) D:11
    Orc (0/2) D:10

Altars:
Fedhas
Hepliaklqana
Kikubaaqudgha
Makhleb
Nemelex Xobeh
Okawaru
Qazlal
Ru
Sif Muna
Vehumet
Yredelemnul
Beogh

Annotations:
D:8 Prince Ribbit


Innate Abilities, Weirdness & Mutations

You are resistant to damage.
You can heal yourself by infusing magical energy.
You passively map the area around you.
You do not regenerate.
You are agile. (Dex +2)
Your system is resistant to poisons. (rPois)
You are robust. (+10% HP)


Message History

You block the slime creature's attack.
You slice the enormous slime creature!!
The enormous slime creature is moderately wounded.
You slash the slime creature!
You kill the slime creature!
Makhleb accepts your kill.
You feel better.
You block the enormous slime creature's attack.
A wraith comes into view.
You slash the enormous slime creature!
The enormous slime creature is moderately wounded.
You hit the wight but do no damage.
The enormous slime creature barely misses you.
You block the wight's attack.
You hit the enormous slime creature.
The enormous slime creature is moderately wounded.
You hit the wight but do no damage.
The enormous slime creature hits you!!!!
Ouch! That really hurt!
You die...

## #.......(# .#
##.##.#).# .## ###
#)##.#.)# ..# #...
#.##.#..# ..#* **
#....###########.##.#..#
..# ,,
,'..J.'..............#...
..# **
....##W#.######.####.##
#.# *. #z#.# #.# #.# #.#
* *#@#.# #.# #.# #>#
*#J#.# #.# #.## ### * ,,
.4..# #.# #.#. #...*
#....# #.# #.#. *, #..###
###..# .# #...
..##....H##.. , ###.
,*##.##...... ##.. * ###.
### #..#...#'#.,,#...
#... ... ##.##..##Y##. .
###.


You could see a sphinx, an enormous slime creature, a hellwing, a wraith and a
wight.

Vanquished Creatures
  Frances (D:12)
  A tengu reaver (D:12)
  Snorg (D:12)
  A yaktaur captain (D:12)
  Harold (D:11)
  The ghost of Serooblart the Fighter, a novice MiBe of Trog (D:8)
  6 two-headed ogres
  2 unseen horrors
  A wizard (D:12)
  A deep elf mage (D:12)
  A wolf spider (shapeshifter) (D:12)
  An ugly thing (D:12)
  A manticore (D:12)
  Joseph (D:8)
  Psyche (D:9)
  Maurice (D:11)
  A gargoyle (D:12)
  A centaur zombie (D:11)
  A merfolk (D:11)
  Grinder (D:4)
  2 hornets
  2 hippogriffs
  A slime creature (D:12)
  A wyvern (D:12)
  A shadow (D:12)
  5 yaks (D:11)
  A basilisk (D:11)
  3 hungry ghosts
  Menkaure (D:7)
  5 vampire mosquitoes
  An acid dragon (D:12)
  A warg (shapeshifter) (D:12)
  Duvessa (D:7)
  4 porcupines (D:11)
  3 black bears
  9 sky beasts
  An orc warrior (D:12)
  An eye of draining (D:11)
  3 necrophages (D:11)
  2 phantoms
  7 ogres
  4 centaurs
  3 crocodiles
  3 big kobolds
  6 bullfrogs
  A wyvern skeleton (D:12)
  Dowan (D:7)
  2 scorpions
  5 wights
  3 killer bees (D:8)
  2 howler monkeys
  6 electric eels (D:12)
  9 crimson imps
  A bullfrog zombie (D:11)
  2 quasits (D:9)
  6 hounds
  Crazy Yiuf (D:2)
  A bullfrog skeleton (D:4)
  5 orc priests
  A centaur skeleton (D:12)
  Natasha (thrice) (D:4)
  6 iguanas
  13 orc wizards
  3 worker ants
  8 mummies (Ossuary)
  2 worker ant zombies (D:9)
  13 adders
  A howler monkey skeleton (D:5)
  14 gnolls
  2 shadow imps (D:8)
  10 oozes
  An adder skeleton (D:9)
  3 worms
  2 dart slugs (D:1)
  22 leopard geckos
  33 orcs
  18 ball pythons
  3 bats
  13 giant cockroaches
  3 gnoll zombies
  11 goblins
  7 hobgoblins
  3 jackals (D:5)
  8 quokkas
  15 frilled lizards
  A goblin zombie (D:4)
  4 hobgoblin zombies (Ossuary)
  A jackal skeleton (D:9)
  16 kobolds
  3 kobold zombies (Ossuary)
  A quokka skeleton (D:4)
  3 quokka zombies
  9 rats
  3 plants (D:11)
401 creatures vanquished.

Vanquished Creatures (others)
  An orc (D:11)
  A kobold (D:11)
  2 fungi (D:11)
  A plant (D:11)
5 creatures vanquished.

Grand Total: 406 creatures vanquished

Notes
Turn   | Place    | Note
-------+----------+-------------------------------------------
     0 | D:1      | Lovchig the Deep Dwarf Fighter began the quest for the Orb.
     0 | D:1      | Reached XP level 1. HP: 20/20 MP: 1/1
   229 | D:1      | Reached XP level 2. HP: 24/27 MP: 2/2
   630 | D:1      | Reached skill level 1 in Dodging
   837 | D:2      | Reached XP level 3. HP: 23/34 MP: 3/3
  1171 | D:2      | Found a runed door.
  1236 | D:2      | Found a faded altar of an unknown god.
  1337 | D:2      | Noticed Crazy Yiuf
  1346 | D:2      | Killed Crazy Yiuf
  1346 | D:2      | Reached skill level 3 in Axes
  1397 | D:3      | Reached XP level 4. HP: 24/42 MP: 4/4
  1520 | D:3      | Reached XP level 5. HP: 33/49 MP: 5/5
  1599 | D:3      | Reached skill level 4 in Axes
  1900 | D:4      | Reached XP level 6. HP: 41/56 MP: 6/6
  1929 | D:4      | Reached skill level 5 in Axes
  1955 | D:4      | Reached XP level 7. HP: 38/62 MP: 6/6
  1965 | D:4      | Reached skill level 6 in Axes
  2108 | D:4      | Noticed Grinder
  2120 | D:4      | Killed Grinder
  2120 | D:4      | Reached skill level 7 in Axes
  2120 | D:4      | Reached skill level 5 in Shields
  2278 | D:4      | Found a sand-covered staircase.
  2286 | Ossuary  | Entered an ossuary
  2475 | D:4      | Reached XP level 8. HP: 35/72 MP: 5/5
  2650 | D:4      | Noticed Natasha
  2664 | D:4      | Killed Natasha
  2675 | D:4      | Noticed Natasha
  2681 | D:4      | Killed Natasha
  2728 | D:4      | Noticed Natasha
  2736 | D:4      | Killed Natasha
  2736 | D:4      | Reached skill level 5 in Armour
  2972 | D:5      | Entered Level 5 of the Dungeon
  3190 | D:5      | Found a staircase to the Ecumenical Temple.
  3198 | Temple   | Entered the Ecumenical Temple
  3208 | Temple   | Became a worshipper of Makhleb the Destroyer
  3377 | D:5      | Found a basalt altar of Yredelemnul.
  3579 | D:6      | Reached skill level 8 in Axes
  3768 | D:6      | Found a glowing drain.
  3783 | Sewer    | Entered a sewer
  3877 | Sewer    | Reached * piety under Makhleb
  4143 | Sewer    | Reached ** piety under Makhleb
  4888 | D:7      | Noticed Duvessa
  4888 | D:7      | Noticed Dowan
  4893 | D:7      | Killed Dowan
  4906 | D:7      | Killed Duvessa
  4906 | D:7      | Reached skill level 9 in Axes
  4906 | D:7      | Gained mutation: You passively map the area around you. [Deep Dwarf growth]
  4906 | D:7      | Reached XP level 9. HP: 31/79 MP: 5/5
  5094 | D:7      | Noticed Menkaure
  5102 | D:7      | Killed Menkaure
  5326 | D:8      | Noticed a two-headed ogre
  5342 | D:8      | Killed a two-headed ogre
  5342 | D:8      | Reached skill level 5 in Fighting
  5456 | D:8      | Noticed Joseph
  5470 | D:8      | Killed Joseph
  5470 | D:8      | Reached skill level 10 in Axes
  5478 | D:8      | Found a deep blue altar of Sif Muna.
  5478 | D:8      | Found a stormy altar of Qazlal.
  5545 | D:8      | Reached *** piety under Makhleb
  5735 | D:8      | Noticed Serooblart's ghost (novice MiBe)
  5770 | D:8      | Killed Serooblart's ghost
  5770 | D:8      | Reached skill level 5 in Dodging
  5770 | D:8      | Reached XP level 10. HP: 63/91 MP: 5/5
  5958 | D:8      | Noticed Prince Ribbit
  6158 | D:8      | Gained mutation: Your system is resistant to poisons. (rPois) [potion of mutation]
  6158 | D:8      | Gained mutation: You are robust. (+10% HP) [potion of mutation]
  6158 | D:8      | Gained mutation: You are agile. (Dex +2) [potion of mutation]
  6179 | D:9      | Noticed Psyche
  6191 | D:9      | Killed Psyche
  6220 | D:9      | Reached skill level 11 in Axes
  6492 | D:9      | Reached **** piety under Makhleb
  6591 | D:9      | Found an ancient bone altar of Kikubaaqudgha.
  6594 | D:9      | Found an iron altar of Okawaru.
  6597 | D:9      | Found a blossoming altar of Fedhas.
  6759 | D:10     | Entered Level 10 of the Dungeon
  6795 | D:10     | Found a sparkling altar of Nemelex Xobeh.
  6822 | D:10     | Noticed a two-headed ogre
  6835 | D:10     | Killed a two-headed ogre
  6901 | D:10     | Found a staircase to the Orcish Mines.
  6907 | D:10     | Noticed a two-headed ogre
  6910 | D:10     | Noticed a two-headed ogre
  6929 | D:10     | Killed a two-headed ogre
  6929 | D:10     | Reached XP level 11. HP: 61/108 MP: 6/6
  6931 | D:10     | Killed a two-headed ogre
  6931 | D:10     | Reached skill level 12 in Axes
  6986 | D:10     | Noticed an unseen horror
  7015 | D:10     | Killed an unseen horror
  7476 | D:10     | Found a roughly hewn altar of Beogh.
  7571 | D:11     | Found a staircase to the Lair.
  7588 | D:11     | Reached ***** piety under Makhleb
  7703 | D:11     | Noticed Harold
  7730 | D:11     | Killed Harold
  7872 | D:11     | Reached skill level 13 in Axes
  7934 | D:11     | Noticed Maurice
  7970 | D:11     | Killed Maurice
  8474 | D:12     | Noticed a sphinx
  8484 | D:12     | Noticed a deep elf mage
  8487 | D:12     | Noticed a hell knight
  8487 | D:12     | Noticed a wizard
  8489 | D:12     | Noticed a centaur warrior
  8491 | D:12     | Noticed a six-headed hydra
  8492 | D:12     | Noticed a crystal guardian
  8509 | D:12     | Noticed a two-headed ogre
  8510 | D:12     | Noticed Snorg
  8533 | D:12     | Killed a two-headed ogre
  8533 | D:12     | Reached skill level 10 in Shields
  8540 | D:12     | Reached XP level 12. HP: 81/119 MP: 5/5
  8558 | D:12     | Killed Snorg
  8891 | D:12     | Noticed a two-headed ogre
  8901 | D:12     | Killed a two-headed ogre
  8910 | D:12     | Noticed a yaktaur captain
  8912 | D:12     | Noticed a tengu reaver
  8935 | D:12     | HP: 3/121 [yaktaur captain (6)]
  8965 | D:12     | Killed a yaktaur captain
  8968 | D:12     | Killed a tengu reaver
  8986 | D:12     | Reached skill level 14 in Axes
  9017 | D:12     | Noticed Frances
  9039 | D:12     | Killed Frances
  9213 | D:12     | Reached skill level 10 in Armour
  9268 | D:12     | Got a faintly glowing bone ring
  9327 | D:12     | Annihilated by an enormous slime creature

Skill      XL: |  1  2  3  4  5  6  7  8  9 10 11 12 |
---------------+-------------------------------------+-----
Dodging        | 1 2 3 5 6 7 |  7.8
Fighting       | 3 4 5 6 7 8 |  8.5
Axes           | 3 4 5 7 9 10 11 13 14 | 14.3
Shields        | 4 5 6 7 8 10 11 | 11.3
Armour         | 4 6 7 8 10 | 10.1
Invocations    | |  0.3

Action                   |  1- 3 |  4- 6 |  7- 9 | 10-12 || total
-------------------------+-------+-------+-------+-------++-------
Melee: War axe           |    96 |   128 |   553 |   759 ||  1536
Invok: Lesser Servant of |       |       |       |     2 ||     2
 Abil: Heal Wounds       |       |     4 |    14 |    25 ||    43
  Use: Scroll            |     1 |     4 |    12 |     7 ||    24
       Potion            |       |       |       |     9 ||     9
  Eat: Chunk             |     2 |     2 |    13 |    17 ||    34
Armor: Scale mail        |    53 |    76 |   162 |       ||   291
       Chain mail        |       |       |    55 |   329 ||   384
Dodge: Dodged            |    39 |    49 |   177 |   306 ||   571
       Deflected         |       |       |     6 |    15 ||    21
Block: Shield            |    77 |    93 |   383 |   654 ||  1207
       Reflection        |       |       |       |    15 ||    15
